 Dungeon Crawl Stone Soup version 0.30-a0-867-g305f33218d (webtiles) character file.

Game seed: 4924429048259633084

36 cforsyth the Magician (level 3, -4/19 HPs)
             Began as a Deep Elf Earth Elementalist on Mar 11, 2023.
             Killed from afar by a white imp (6 damage)
             ... with a puff of frost
             ... on level 3 of the Dungeon.
             The game lasted 00:02:37 (1607 turns).

cforsyth the Magician (Deep Elf Earth Elementalist) Turns: 1607, Time: 00:02:38

Health: -4/19      AC:  4    Str:  5    XL:     3   Next: 19%
Magic:  8/10       EV: 12    Int: 21    God:
Gold:   152        SH:  0    Dex: 15    Spells: 9/10 levels left

rFire   . . .      SeeInvis .    (no weapon)
rCold   . . .      Faith    .    (no shield)
rNeg    . . .      Spirit   .    a - +0 robe
rPois   .          Reflect  .    h - +0 helmet
rElec   .          Rampage  .    (no cloak)
rCorr   .                        k - +0 pair of gloves
Will    .....                    (no boots)
Stlth   ++                       (no amulet)
HPRegen 0.23/turn                (no ring)
MPRegen 0.12/turn                (no ring)

@: no status effects
A: no striking features
a: no special abilities


You were on level 3 of the Dungeon.
You visited 1 branch of the dungeon, and saw 3 of its levels.

You collected 152 gold pieces.

Inventory:

Armour
 a - a +0 robe (worn)
 h - a +0 helmet (worn)
 k - a +0 pair of gloves (worn)
Jewellery
 e - a ring of protection from cold
 l - a ring of resist corrosion
Scrolls
 c - a scroll of blinking {unknown}
 d - 2 scrolls of teleportation {unknown}
 g - 3 scrolls of identify {unknown}
 i - a scroll of magic mapping {unknown}
 j - a scroll of amnesia {unknown}
 m - a scroll of enchant weapon {unknown}
Potions
 b - a potion of magic
 f - a potion of flight {unknown}


   Skills:
 - Level 2.4 Dodging
 - Level 2.4 Stealth
 + Level 4.2 Spellcasting
 - Level 1.1 Transmutations
 + Level 4.1 Earth Magic


You had 9 spell levels left.
You knew the following spells:

 Your Spells              Type           Power      Damage    Failure   Level
a - Sandblast             Erth           42%        2d11      2%          1

Your spell library contained the following spells:

 Spells                   Type           Power      Damage    Failure   Level
 Passwall                 Tmut/Erth      12%        N/A       6%          2
 Stone Arrow              Conj/Erth      26%        3d8       16%         3
 Petrify                  Tmut/Erth      15%        N/A       38%         4
 Sticky Flame             Conj/Fire      4%         2d3       75%         4
 Eringya's Noxious Bog    Tmut/Pois      3%         N/A       100%        6
 Lehudib's Crystal Spear  Conj/Erth      6%         10d3      100%        8


Dungeon Overview and Level Annotations

Branches:
Dungeon (3/15)

Altars:

Shops:
D:2 =


Message History

Done exploring.
Done exploring.
(D) Dungeon
Where to? (Enter - D:2, ? - help)
You see here a quokka skeleton.
There is a stone staircase leading down here.
You climb downwards.
Found a falchion.
Found a stone staircase leading down.
There is a stone staircase leading up here.
A white imp is nearby!
Found a scroll labelled XYUWURR YLUA.
The white imp shouts, "Back with thee, thou loggerheaded rump-fed simpleton!"
You hear an angry hiss.
No target in view!
You can't see any susceptible monsters within range! (Use Z to cast anyway.)
Found 17 gold pieces.
A ball python comes into view. x2
Found 19 gold pieces.
The white imp gestures at you. The puff of frost hits you!
The blast of sand hits the white imp.
The white imp is moderately wounded.
The ball python hisses angrily.
You hear an angry hiss.
A quokka comes into view.
A ball python comes into view.
A goblin comes into view. It is wielding a +0 club.
The white imp gestures at you. The puff of frost hits you!
* * * LOW HITPOINT WARNING * * *
You are too injured to fight recklessly!
Casting: Sandblast (safe; 2% risk of failure)
Confirm with . or Enter, or press ? or * to list all spells.
Aiming: Sandblast (safe; 2% risk of failure)
Press: ? - help, Shift-Dir - straight line, f/p - white imp
Aim: a white imp (moderately wounded, 83% to hit)
The blast of sand hits the white imp.
The white imp is severely wounded.
The goblin shouts!
The white imp gestures at you. The puff of frost hits you.
You die...

#.>...
###..#.##########
.........#.......
#.#.............
........<.....).
##...#.#.......
...#.#.#....... .
#...........
#@#.##.###.#
#5#.# .# # ..S..
.. r.S...S..
....?..$.
..........#
....#S#.#.##
#.$...g#.#.#


You could see a white imp, a quokka, a goblin and 3 ball pythons.

Vanquished Creatures
  2 dart slugs
  2 ball pythons
  3 endoplasms
  4 giant cockroaches
  3 goblins (D:1)
  5 kobolds
  2 quokkas (D:2)
  5 bats
  2 frilled lizards
  A rat (D:2)
29 creatures vanquished.

Vanquished Creatures (others)
  A plant (D:2)
1 creature vanquished.

Grand Total: 30 creatures vanquished

Notes
Turn   | Place    | Note
-------+----------+-------------------------------------------
     0 | D:1      | cforsyth the Deep Elf Earth Elementalist began the quest
                  | for the Orb.
     0 | D:1      | Reached XP level 1. HP: 10/10 MP: 6/6
   279 | D:1      | Reached XP level 2. HP: 15/15 MP: 5/8
  1113 | D:2      | Found Inud's Jewellery Boutique.
  1166 | D:2      | Reached XP level 3. HP: 19/19 MP: 8/10
  1247 | D:2      | Got the Octavo of the Cankerous Volley
  1607 | D:3      | Killed from afar by a white imp

Illustrated notes

Levels and vault maps discovered:
D:1:      dpeg_arrival_concentric_ovals, layout_loops_ring
D:2:      layout_loops_ring, serial_shops, shop, kennysheep_boxes
D:3:      layout_basic, marbit_many_paths

Skill      XL: |  1  2 |
---------------+-------+-----
Spellcasting   | 4 |  4.2
Earth Magic    | 4 |  4.1
Dodging        | |  2.4
Stealth        | |  2.4
Transmutations | |  1.1

Action                     || total
---------------------------++-------
   Cast: Sandblast         ||    34
 Armour: Robe              ||     2
  Dodge: Dodged            ||     4

Table legend: (Time is in decaauts)
 A = Elapsed time spent in this place.
 B = Non-inter-level travel time spent in this place.
 C = Inter-level travel time spent in this place.
 D = Time resting spent in this place.
 E = Time spent auto-exploring this place.
 F = Levels seen in this place.
 G = Mean time per level.
                   A        B        C        D        E       F      G
               +--------+--------+--------+--------+--------+-----+--------+
         Total |   1623 |   1503 |    120 |      0 |   1324 |   3 |  541.0 |
       Dungeon |   1623 |   1503 |    120 |      0 |   1324 |   3 |  541.0 |
               +--------+--------+--------+--------+--------+-----+--------+

Top non-repeatable levels by time:
     D:1: 899 daAuts
     D:2: 717 daAuts
     D:3: 6 daAuts
